 Dungeon Crawl Stone Soup version 0.27.0-1-g7a08968 (webtiles) character file.

Game seed: 4257788882109774268

13 Illumine the Ruffian (level 2, 0/26 HPs)
             Began as a Minotaur Monk on Aug 28, 2021.
             Slain by an adder (3 damage)
             ... on level 2 of the Dungeon.
             The game lasted 00:00:29 (830 turns).

Illumine the Ruffian (Minotaur Monk)                 Turns: 830, Time: 00:00:30

Health: 0/26       AC:  2    Str: 15    XL:     2   Next: 24%
Magic:  1/1        EV: 12    Int:  7    God:
Gold:   73         SH:  0    Dex: 12    Spells: 1/1 levels left

rFire    . . .     SeeInvis .     - Unarmed
rCold    . . .     Faith    .   (no shield)
rNeg     . . .     Spirit   .   a - +0 robe
rPois    .         Reflect  .   (helmet restricted)
rElec    .         Harm     .   (no cloak)
rCorr    .         Rampage  .   (no gloves)
Will     .....                  (no boots)
Stlth    ++........             (no amulet)
HPRegen  0.08/turn              (no ring)
MPRegen  0.07/turn              (no ring)

@: lethally poisoned (0 -> -2)
A: horns 2, retaliatory headbutt
a: no special abilities


You were on level 2 of the Dungeon.
You visited 1 branch of the dungeon, and saw 2 of its levels.

You collected 73 gold pieces.

Inventory:

Armour
 a - a +0 robe (worn)
 d - a +0 kite shield
Scrolls
 b - 2 scrolls of magic mapping
 c - a scroll of identify {unknown}


   Skills:
 - Level 3.6 Fighting
 - Level 3.2 Dodging
 - Level 1.5 Stealth
 * Level 4.1 Unarmed Combat


You had one spell level left.
You didn't know any spells.
Your spell library was empty.

Dungeon Overview and Level Annotations

Branches:
Dungeon (2/15)

Altars:


Innate Abilities, Weirdness & Mutations

You have a pair of horns on your head.
You reflexively headbutt those who attack you in melee.


Message History

The quokka barely misses you. The rat closely misses you.
You closely miss the quokka. The quokka closely misses you.
You furiously retaliate!
You headbutt the quokka. The rat completely misses you.
You hit the quokka.
The quokka is moderately wounded.
The adder barely misses you. The quokka bites you. The rat closely misses you.
The adder bites you. The quokka closely misses you.
You hit the quokka.
You kill the quokka!
The rat closely misses you. The adder bites you.
You hit the rat.
The rat is moderately wounded.
The adder bites you. The rat bites you.
You are too injured to fight recklessly!
Unknown command.
You punch the rat!
You kill the rat!
The adder bites you.
* * * LOW HITPOINT WARNING * * *
You are poisoned.
The adder poisons you!
Unknown command.
You aren't carrying any potions.
You hit the adder.
The adder is moderately wounded.
You feel sick. The adder bites you.
* * * LOW HITPOINT WARNING * * *
Unknown command.
You aren't carrying any potions.
As you read the scroll labelled IMUGEGHUWUI, it crumbles to dust.
You feel aware of your surroundings.
It was a scroll of magic mapping.
* * * LOW HITPOINT WARNING * * *
You feel sick. The adder closely misses you.
The adder bites you but does no damage.
You miss the adder.
The adder is moderately wounded.
* * * LOW HITPOINT WARNING * * *
You feel sick. The adder bites you.
You die...

****,,,,*********,* *,,,,**, **
*,,,,,..##* *,* *,,,,**, ,*
*,,,,,>.$.#######,* *,,,,**, ,*
*,,,,*+#........#,* *,,,,**, ,*
*,,,,*,#........#,* *,,,,**+ ,*
*,,,,*,#........#,* *,,,,,,, ,*
*,,,,*,#........#,* ***,,,,, ,*
******,#.....S..#,* *,,,,, ,*
*,#....@...#,* *,,,,, ,*
#.###..#####.###*******+
,********#..............,,,,,,,,,
,*,,,,,,,#.####..####.#***,*****,
**,,,,,,,*,* ###.#....# *,* *,
,+,,,,,,,+,* #........# *,* *,
,*,,,,,,,*** #........# *,* *,
,*,,,,,,,* #........# *,* *,
,*,,,,,,,* ####.....# *,* ***+


You could see an adder.

Vanquished Creatures
  An endoplasm (D:1)
  3 goblins
  3 kobolds (D:1)
  A quokka (D:2)
  2 bats (D:1)
  2 rats (D:2)
12 creatures vanquished.

Notes
Turn   | Place    | Note
-------+----------+-------------------------------------------
     0 | D:1      | Illumine the Minotaur Monk began the quest for the Orb.
     0 | D:1      | Reached XP level 1. HP: 19/19 MP: 0/0
   629 | D:1      | Reached skill level 4 in Unarmed Combat
   629 | D:1      | Reached XP level 2. HP: 20/26 MP: 1/1
   830 | D:2      | Slain by an adder

Illustrated notes

Levels and vault maps discovered:
D:1:      beargit_arrival_greenhouse, layout_loops_ring
D:2:      layout_basic

Skill      XL: |  1 |
---------------+----+-----
Unarmed Combat | 4 |  4.1
Fighting       | |  3.6
Dodging        | |  3.2
Stealth        | |  1.5

Action                   || total
-------------------------++-------
Melee: Unarmed           ||    32
       Headbutt          ||     4
  Use: Scroll            ||     1
Armor: Robe              ||     6
Dodge: Dodged            ||    18
